 Dungeon Crawl Stone Soup version 0.27.0-1-g7a089689b8 (webtiles) character file.

Game seed: 7569971166139614846

1700 Crownlay the Destroyer (level 8, 0/57 HPs)
             Began as a Black Draconian Conjurer on Aug 11, 2021.
             Was an Initiate of Vehumet.
             Shot with an arrow by a centaur (10 damage)
             ... on level 6 of the Dungeon.
             The game lasted 00:21:54 (6880 turns).

Crownlay the Destroyer (Black Draconian Conjurer)   Turns: 6880, Time: 00:21:55

Health: 0/57       AC: 11    Str: 21    XL:     8   Next: 73%
Magic:  1/12       EV: 12    Int: 22    God:    Vehumet [......]
Gold:   266        SH:  0    Dex:  9    Spells: 6/13 levels left

rFire    . . .     SeeInvis .   d - +2 whip (elec)
rCold    + . .     Faith    .   (no shield)
rNeg     + . .     Spirit   .   (armour unavailable)
rPois    .         Reflect  .   (helmet restricted)
rElec    +         Harm     .   o - +1 cloak
rCorr    .         Rampage  .   (no gloves)
Will     .....                  e - +2 pair of boots
Stlth    ++........             (no amulet)
HPRegen  0.19/turn              v - ring of Ecreatu {Drain rC+ rN+ Str+6}
MPRegen  0.13/turn              t - +6 ring of strength

@: no status effects
A: breathe lightning, AC +6, unfitting armour, electricity resistance,
cold-blooded
a: Breathe Lightning, Renounce Religion


You were on level 6 of the Dungeon.
You worshipped Vehumet.
Vehumet was noncommittal.
You visited 2 branches of the dungeon, and saw 7 of its levels.
You also visited: Sewer.

You collected 266 gold pieces.

Inventory:

Hand Weapons
 d - a +2 whip of electrocution (weapon)
Armour
 e - a +2 pair of boots (worn)
 o - a +1 cloak (worn)
Magical Staves
 B - a staff of air
Jewellery
 j - a ring of protection from fire
 t - a +6 ring of strength (right hand)
 v - the ring of Ecreatu (left hand) {Drain rC+ rN+ Str+6}
   (You found it on level 4 of the Dungeon)

   [ring of strength]

   Str:       It affects your strength (+6).
   rC:        It protects you from cold.
   rN:        It protects you from negative energy.
   Drain:     It drains your maximum health when unequipped.
 x - a +4 ring of protection
Wands
 n - a wand of polymorph (3)
 D - a wand of flame (13)
 F - a wand of paralysis (3)
Scrolls
 f - a scroll of brand weapon {unknown}
 h - a scroll of noise {unknown}
 i - a scroll of magic mapping {unknown}
 k - 2 scrolls of enchant weapon {unknown}
 m - 2 scrolls of vulnerability {unknown}
 s - 2 scrolls of fear
 u - a scroll of enchant armour {unknown}
 w - a scroll of fog {unknown}
 y - 2 scrolls of teleportation
 z - a scroll of immolation
 A - a scroll of blinking
Potions
 a - 2 potions of curing {unknown}
 b - a potion of flight {unknown}
 c - a potion of might {unknown}
 g - 2 potions of lignification {unknown}
 l - a potion of resistance {unknown}
 p - 2 potions of cancellation {unknown}
 q - a potion of magic {unknown}
 r - a potion of haste {unknown}
 C - a potion of heal wounds {unknown}
 E - a potion of berserk rage {unknown}


   Skills:
 - Level 1.7 Dodging
 - Level 1.7 Stealth
 * Level 3.1 Spellcasting
 - Level 11.4 Conjurations


You had 6 spell levels left.
You knew the following spells:

 Your Spells              Type           Power      Damage    Failure   Level
a - Magic Dart            Conj           100%       1d8       1%          1
b - Searing Ray           Conj           100%       3d7       1%          2
c - Fulminant Prism       Conj/Hex       14%        3d9       12%         4

Your spell library contained the following spells:

 Spells                   Type           Power      Damage    Failure   Level
 Dazzling Flash           Conj/Hex       56%        N/A       3%          3
 Iskenderun's Mystic Bla  Conj/Tloc      28%        2d7       12%         4
 Call Canine Familiar     Summ           3%         N/A       36%         3
 Ozocubu's Armour         Ice            3%         N/A       36%         3
 Portal Projectile        Hex/Tloc       6%         N/A       36%         3
 Leda's Liquefaction      Hex/Erth       1%         N/A       77%         4
 Metabolic Englaciation   Hex/Ice        1%         N/A       98%         5
 Simulacrum               Ice/Necr       1%         N/A       100%        6


Dungeon Overview and Level Annotations

Branches:
Dungeon (6/15)             Temple (1/1) D:5           Sewer (visited)

Altars:
Cheibriados
Dithmenos
Elyvilon
Hepliaklqana
Okawaru
Qazlal
Trog
Vehumet
Wu Jian
Yredelemnul
The Shining One
Lugonu

Shops:
D:3 *   D:5 (


Innate Abilities, Weirdness & Mutations

You can breathe wild blasts of lightning.
Your glossy black scales are hard. (AC +6)
You cannot fit into any form of body armour.
You are resistant to electric shocks. (rElec)
You are cold-blooded and may be slowed by cold attacks.


Message History

Aim: a wight, wielding a +4 halberd and wearing a +0 robe (83% to hit)
The searing ray hits the wight!
The wight is heavily damaged. (Press . to maintain the ray.)
The searing ray hits the wight!
You destroy the wight!
Vehumet accepts your kill.
Your Spellcasting skill increases to level 3!
A centaur comes into view. It is carrying a wand of iceblast (10).
Casting: Searing Ray (safe; 1% risk of failure)
Confirm with . or Enter, or press ? or * to list all spells.
You can't see any susceptible monsters within range! (Use Z to cast anyway.)
The magic dart hits the centaur.
The centaur is lightly wounded.
The centaur shouts!
The centaur wields a +0 shortbow.
The centaur shoots an arrow.
The arrow hits you.
The magic dart hits the centaur!
The centaur is heavily wounded.
The centaur shoots an arrow.
The arrow closely misses you.
The centaur zaps a wand.
The mass of ice explodes!
The iceblast engulfs you.
The magic dart hits the centaur.
The centaur is severely wounded.
Casting: Magic Dart (safe; 1% risk of failure)
Confirm with . or Enter, or press ? or * to list all spells.
You don't have enough magic to cast this spell.
The magic dart hits the centaur.
The centaur is severely wounded.
The centaur shoots an arrow.
The arrow hits you.
The centaur zaps a wand.
The mass of ice explodes!
The iceblast engulfs you! You partially resist.
A wight comes into view. It is wielding a +0 halberd.
The centaur zaps a wand.
The mass of ice explodes!
The iceblast engulfs you! You partially resist.
The centaur zaps a wand.
The mass of ice explodes!
The iceblast engulfs you. You partially resist.
The centaur shoots an arrow.
The arrow hits you.
The centaur zaps a wand.
The mass of ice explodes!
The iceblast engulfs you! You partially resist.
* * * LOW HITPOINT WARNING * * *
The centaur shoots an arrow.
The arrow hits you!
You die...

#..#.....#.........[...........#
#....._...........<....#........
#..#.....#......<.#...>##.......
##.##...##.####...#....# #.....#
#..........# #........# ......
###.......## ##..####.## .....
#.......## ##..####..# .##.
##.....[.###.....#......#
#...##...##..@......#.... ###.#
##.##.#.#.#...#.... #...#
#..##.#.####.)....#
##..####..#.......#...#
###.##.#..c.c#........###
#...##...†z.####.........
##.....#......###.##.....
##............##†# ....
#.....#.......)........


You could see a centaur.

Vanquished Creatures
  Duvessa (D:6)
  A water moccasin (Sewer)
  2 sky beasts (D:5)
  A black bear (D:5)
  A centaur (D:3)
  Blork the orc (D:5)
  A scorpion (D:5)
  Dowan (D:6)
  A water moccasin skeleton (D:5)
  2 wights (D:6)
  2 howler monkeys
  A bullfrog zombie (D:5)
  2 jellies
  Crazy Yiuf (D:2)
  7 hounds
  A gnoll shaman (D:5)
  3 iguanas
  Terence (D:2)
  Natasha (thrice) (D:4)
  An orc wizard (D:3)
  A hound zombie (D:5)
  4 gnolls
  2 adders
  A shadow imp (D:5)
  An adder skeleton (D:4)
  3 dart slugs
  7 orcs
  3 ball pythons
  7 bats
  10 endoplasms
  8 giant cockroaches
  10 goblins
  10 hobgoblins
  9 jackals
  6 quokkas
  4 frilled lizards
  13 kobolds
  5 rats (D:1)
138 creatures vanquished.

Vanquished Creatures (others)
  2 fulminant prisms (D:6)
2 creatures vanquished.

Grand Total: 140 creatures vanquished

Notes
Turn   | Place    | Note
-------+----------+-------------------------------------------
     0 | D:1      | Crownlay the Draconian Conjurer began the quest for the
                  | Orb.
     0 | D:1      | Reached XP level 1. HP: 14/14 MP: 3/3
   330 | D:1      | Reached XP level 2. HP: 20/20 MP: 5/5
   805 | D:1      | Reached skill level 5 in Conjurations
   806 | D:1      | Reached XP level 3. HP: 26/26 MP: 6/6
  1744 | D:2      | Noticed Terence
  1867 | D:3      | Learned a level 2 spell: Searing Ray
  1924 | D:2      | Killed Terence
  1925 | D:2      | Reached XP level 4. HP: 16/33 MP: 0/7
  2420 | D:2      | Reached skill level 6 in Conjurations
  2425 | D:2      | Learned a level 4 spell: Fulminant Prism
  2624 | D:2      | Found a runed translucent door.
  2625 | D:2      | Noticed Crazy Yiuf
  2632 | D:2      | Killed Crazy Yiuf
  2829 | D:3      | Noticed a centaur
  2994 | D:3      | Killed a centaur
  2995 | D:3      | Reached XP level 5. HP: 34/38 MP: 5/8
  3090 | D:3      | Reached skill level 7 in Conjurations
  3632 | D:3      | Found Gozxedod's General Store.
  4083 | D:4      | Reached XP level 6. HP: 45/45 MP: 4/9
  4176 | D:4      | Identified the ring of Ecreatu {Drain rC+ rN+ Str+6}
  4228 | D:4      | Noticed Natasha
  4233 | D:4      | Killed Natasha
  4263 | D:4      | Noticed Natasha
  4282 | D:4      | Killed Natasha
  4441 | D:4      | Found a white marble altar of Elyvilon.
  4528 | D:4      | Noticed Natasha
  4549 | D:4      | Killed Natasha
  4734 | D:4      | Reached skill level 8 in Conjurations
  4901 | D:5      | Entered Level 5 of the Dungeon
  4922 | D:5      | Noticed Blork the orc
  4934 | D:5      | Killed Blork the orc
  4951 | D:5      | Your scales start taking on a glossy black colour.
  4951 | D:5      | Reached XP level 7. HP: 49/50 MP: 3/10
  4951 | D:5      | Gained mutation: You are resistant to electric shocks.
                  | (rElec) [Black Draconian growth]
  5022 | D:5      | Reached skill level 9 in Conjurations
  5374 | D:5      | Reached skill level 10 in Conjurations
  5387 | D:5      | Found a stormy altar of Qazlal.
  5483 | D:5      | Found Edghuv's Antique Weapon Emporium.
  5567 | D:5      | Found a glowing drain.
  5576 | Sewer    | Entered a sewer
  5720 | Sewer    | Reached XP level 8. HP: 46/57 MP: 3/11
  6201 | D:5      | Found a staircase to the Ecumenical Temple.
  6207 | Temple   | Entered the Ecumenical Temple
  6230 | Temple   | Became a worshipper of Vehumet
  6387 | D:6      | Noticed Dowan
  6390 | D:6      | Noticed Duvessa
  6506 | D:6      | Killed Duvessa
  6507 | D:6      | Reached skill level 11 in Conjurations
  6565 | D:6      | Killed Dowan
  6691 | D:6      | Found an iron altar of Okawaru.
  6880 | D:6      | Shot with an arrow by a centaur

Illustrated notes

Levels and vault maps discovered:
D:1:      lordsloth_arrival_two_stooges, layout_basic, minmay_box_of_dots
D:2:      layout_loops_cross, st_stairs_5, minmay_pentomino_v4, uniq_terence,
          uniq_crazy_yiuf_cottage
D:3:      layout_loops_corners, serial_shops, shop_fountains,
          minmay_splitting_lines
D:4:      layout_basic, elyvilon_altar_1, uniq_natasha
D:5:      layout_cave_pools, mainiacjoe_overflow_concentric_impassable,
          temple_green, serial_shops, shop, gup_sewer_entry_pipe,
          uniq_blork_the_orc
D:6:      layout_cave_pools, okawaru_gym_becter, uniq_duvessa
Temple:   corrupted_temple

Skill      XL: |  1  2  3  4  5  6  7  8 |
---------------+-------------------------+-----
Conjurations   | 5 6 7 8 10 11 | 11.4
Spellcasting   | 3 |  3.1
Dodging        | |  1.7
Stealth        | |  1.7

Action                   |  1- 3 |  4- 6 |  7- 9 || total
-------------------------+-------+-------+-------++-------
Melee: Whip              |    88 |    60 |    71 ||   219
       Mace              |     7 |       |       ||     7
       Tailslap          |     3 |     1 |     7 ||    11
       Unarmed           |       |    12 |       ||    12
 Cast: Magic Dart        |    16 |    83 |    87 ||   186
       Searing Ray       |     2 |     7 |    13 ||    22
       Fulminant Prism   |       |       |     2 ||     2
 Abil: Breathe Lightning |       |       |     1 ||     1
  Use: Scroll            |       |     3 |     2 ||     5
 Stab: Sleeping          |       |     1 |       ||     1
Armor: Skin              |    58 |    42 |    51 ||   151
Dodge: Dodged            |    86 |    54 |    59 ||   199
